 Dungeon Crawl Stone Soup version 0.21.1-1-g345015f (webtiles) character file.

114 Fang the Chopper (level 4, -2/43 HPs)
             Began as a Gargoyle Berserker on Apr 23, 2018.
             Was a Believer of Trog.
             Slain by an adder (3 damage)
             ... on level 4 of the Dungeon.
             The game lasted 00:02:52 (2746 turns).

Fang the Chopper (Gargoyle Berserker)               Turns: 2746, Time: 00:02:52

Health: -2/43      AC:  5    Str: 27    XL:     4   Next: 97%
Magic:  4/4        EV: 12    Int:  7    God:    Trog [**....]
Gold:   130        SH:  0    Dex:  9    Spells: 3/3 levels left

rFire    . . .     SeeInvis .   n - +2 mace (venom)
rCold    . . .     Gourm    .   (no shield)
rNeg     + . .     Faith    .   b - +0 animal skin
rPois    ∞         Spirit   .   (no helmet)
rElec    +         Reflect  .   (no cloak)
rCorr    .         Harm     .   (no gloves)
MR       .....                  (no boots)
Stlth    ..........             (no amulet)
HPRegen  0.14/turn              (no ring)
MPRegen  0.09/turn              (no ring)

@: berserking, very quick
A: negative energy resistance 1, electricity resistance, unbreathing,
petrification resistance, rot immunity, AC +3
a: Berserk, Trog's Hand, Burn Spellbooks, Renounce Religion


You were on level 4 of the Dungeon.
You worshipped Trog.
Trog was pleased with you.
You were hungry.

You visited 1 branch of the dungeon, and saw 4 of its levels.

You collected 130 gold pieces.

Inventory:

Hand Weapons
 a - a +0 hand axe
 n - a +2 mace of venom (weapon)
Armour
 b - a +0 animal skin (worn)
Scrolls
 e - 5 scrolls of identify {unknown}
 f - 2 scrolls of magic mapping {unknown}
 h - 4 scrolls of amnesia {unknown}
 i - 3 scrolls of teleportation {unknown}
 l - a scroll of enchant armour {unknown}
 m - 2 scrolls of remove curse {unknown}
Potions
 d - a potion of cancellation {unknown}
 g - a potion of magic {unknown}
 j - 2 potions of haste {unknown}
 k - 5 potions of curing {unknown}
 p - a potion of might {unknown}
Comestibles
 c - 7 rations
 o - 5 chunks of flesh


   Skills:
 + Level 3.8 Fighting
 + Level 4.0 Axes
 + Level 2.3 Armour
 + Level 2.5 Dodging


You had 3 spell levels left.
You didn't know any spells.

Dungeon Overview and Level Annotations

Branches:
Dungeon (4/15)
 Temple: D:4-7

Altars:


Innate Abilities, Weirdness & Mutations

You are resistant to torment.
Your stone body is resilient. (AC +3)
You are immune to poison.
You resist negative energy. (rN+)
You are resistant to electric shocks. (rElec)
You can survive without breathing.
You are immune to petrification.
You are immune to rotting.


Message History

You closely miss the adder.
The centaur skeleton closely misses you.
The frilled lizard bites you but does no damage.
The adder closely misses you. The centaur skeleton barely misses you.
The frilled lizard bites you.
* * * LOW HITPOINT WARNING * * *
A red film seems to cover your vision as you go berserk!
You feel yourself moving faster!
You feel mighty!
You are feeling hungry.
The adder bites you.
* * * LOW HITPOINT WARNING * * *
The centaur skeleton hits you.
* * * LOW HITPOINT WARNING * * *
The frilled lizard bites you.
* * * LOW HITPOINT WARNING * * *
You barely miss the adder. The adder bites you.
* * * LOW HITPOINT WARNING * * *
The centaur skeleton hits you but does no damage.
The adder bites you.
You die...

.......# ...
.<.#...#......
...#...#.......
...............
#.......# #...#
#.......# #...## #
#.<)....# #....### ...
#.)(÷...####....SZ#...#
#...............@l>..#
#.......####....####.#
#.........##....#
#####.###.##....# #.#
#..####.##### #.#
#..###......# #.#
#....#.####.# #.#
#.##.#.# #.##...####...


You could see an adder, a frilled lizard and a centaur skeleton.

Vanquished Creatures
  3 adders
  3 worms (D:3)
  A dart slug (D:1)
  8 orcs
  4 giant cockroaches
  6 goblins
  7 hobgoblins
  11 kobolds
  3 quokkas
  3 bats
  7 frilled lizards
  7 rats
63 creatures vanquished.

Notes
Turn   | Place    | Note
-------+----------+-------------------------------------------
     0 | D:1      | Fang the Gargoyle Berserker began the quest for the Orb.
     0 | D:1      | Reached XP level 1. HP: 14/14 MP: 1/1
   307 | D:1      | Reached XP level 2. HP: 19/19 MP: 2/2
   677 | D:1      | Reached skill level 3 in Axes
   989 | D:1      | Reached XP level 3. HP: 23/23 MP: 3/3
  1399 | D:2      | Reached ** piety under Trog
  1617 | D:2      | Reached XP level 4. HP: 28/29 MP: 4/4
  2663 | D:4      | Reached skill level 4 in Axes
  2746 | D:4      | HP: 1/43 [adder (2)]
  2746 | D:4      | Slain by an adder

Skill      XL: |  1  2  3  4 |
---------------+-------------+-----
Axes           | 3 4 |  4.0
Dodging        | 2 |  2.5
Fighting       | |  3.8
Armour         | |  2.3

Action                   |  1- 3 |  4- 6 || total
-------------------------+-------+-------++-------
Melee: Hand axe          |   149 |    49 ||   198
       Mace              |       |    33 ||    33
Invok: Berserk           |       |     4 ||     4
  Eat: Chunk             |     2 |     7 ||     9
Armor: Animal skin       |    58 |    27 ||    85
Dodge: Dodged            |   108 |    67 ||   175
